 Dungeon Crawl Stone Soup version 0.18.1-8-gdd0e5ea (webtiles) character file.

176 LORDOFBUTT the Ducker (level 5, -1/25 HPs)
             Began as a Felid Berserker on May 30, 2016.
             Was a Priest of Trog.
             Slain by an ogre
             ... wielding a +0 giant spiked club
              (11 damage)
             ... on level 4 of the Dungeon on June 8, 2016.
             The game lasted 00:04:56 (3218 turns).

LORDOFBUTT the Ducker (Felid Berserker)             Turns: 3218, Time: 00:04:57

Health: -1/25      AC:  1    Str: 13    XL:     5   Next: 30%
Magic:  6/6        EV: 21    Int:  9    God:    Trog [***...]
Gold:   171        SH:  0    Dex: 16    Spells: 0 memorised, 4 levels left
                                        Lives:  0   Deaths: 1

rFire  + . .     SeeInvis +       - Unarmed
rCold  . . .     Gourm    .     (armour unavailable)
rNeg   . . .     Faith    .     (shield unavailable)
rPois  .         Spirit   .     (helmet unavailable)
rElec  .         Dismiss  .     (cloak unavailable)
rCorr  .         Reflect  .     (gloves unavailable)
SustAt .         Harm     .     (boots unavailable)
MR     .....                    (no amulet)
Stlth  ++++......               g - ring of protection from fire
                                (no ring)

@: quick, not resistant to hostile enchantments, stealthy
A: no armour, no weapons or thrown items, claws 1, fangs 3, see invisible,
carnivore 3, speed 1, shaggy fur 1, slow metabolism 1, sharp paws
a: Berserk, Trog's Hand, Burn Spellbooks, Renounce Religion


You were on level 4 of the Dungeon.
You worshipped Trog.
Trog was most pleased with you.
You were not hungry.

You visited 1 branch of the dungeon, and saw 4 of its levels.

You collected 171 gold pieces.

Inventory:

Jewellery
 d - an uncursed ring of protection from cold
 g - a ring of protection from fire (right paw)
 q - an uncursed ring of ice
Wands
 v - a wand of acid (7/15)
Scrolls
 b - 3 scrolls of identify {unknown}
 c - 2 scrolls of enchant armour {unknown}
 f - 4 scrolls of magic mapping {unknown}
 k - a scroll of remove curse {unknown}
 l - 2 scrolls of enchant weapon {unknown}
 n - 3 scrolls of recharging {unknown}
 r - a scroll of fog {unknown}
 s - 2 scrolls of teleportation {unknown}
Potions
 e - 5 potions of haste {unknown}
 h - a potion of might {unknown}
 j - a potion of magic {unknown}
 m - a potion of brilliance {unknown}
 o - a potion of curing
 t - 2 potions of heal wounds {unknown}
 u - a potion of agility {unknown}
 w - a potion of invisibility {unknown}
 x - a potion of ambrosia {unknown}
Comestibles
 a - 3 meat rations
 i - a beef jerky
 p - a slice of pizza


   Skills:
 + Level 4.0 Fighting
 + Level 5.8 Dodging
 * Level 4.8 Stealth
 + Level 4.1 Unarmed Combat


You had 4 spell levels left.
You didn't know any spells.

Dungeon Overview and Level Annotations

Branches:
Dungeon (4/15)
 Temple: D:4-7

Altars:
Nemelex Xobeh
Sif Muna


Innate Abilities, Weirdness & Mutations

You cannot wear armour.
You are incapable of wielding weapons or throwing items.
You have sharp claws.
You have razor-sharp teeth.
You have supernaturally acute eyesight.
You are carnivorous and can eat meat at any time.
You cover ground quickly.
You are covered in fur (AC +1).
You have a slow metabolism.
Your sharp claws are effective at attacking unaware monsters.


Message History

You scratch the ogre but do no damage. You bite the ogre.
The ogre is lightly wounded.
The ogre hits you with a +0 giant spiked club.
You scratch the ogre. You bite the ogre.
The ogre is moderately wounded.
The ogre closely misses you.
You scratch the ogre.
The ogre is moderately wounded.
You scratch the ogre. You bite the ogre.
The ogre is heavily wounded.
The ogre completely misses you.
You scratch the ogre.
The ogre is severely wounded.
The ogre completely misses you.
You barely miss the ogre.
The ogre is severely wounded.
You scratch the ogre.
The ogre is severely wounded.
The ogre hits you with a +0 giant spiked club!
You die...

.........#+####..
.........#...#...
....###'##...####
#########........##..
####.......#............
...........'..†.........
...<.......#.....)......
...........#............
......O@...#............
####...##.####.##...##..
######.####.#######..
..................#...
..................#...
..................'...
#############.....####
#.....##.. #......#..


You could see an ogre.

Vanquished Creatures
  The ghost of Marzipanzerfaust the Slasher, an amateur HEFi (D:3)
  Natasha (twice) (D:4)
  An orc wizard (D:3)
  An ooze (D:3)
  A worm (D:2)
  3 giant geckos
  10 orcs (D:3)
  4 giant cockroaches
  5 goblins
  7 hobgoblins
  10 jackals
  7 kobolds
  2 quokkas
  4 ball pythons
  9 bats
  2 giant newts
  7 rats
76 creatures vanquished.

Notes
Turn   | Place    | Note
--------------------------------------------------------------
     0 | D:1      | LORDOFBUTT the Felid Berserker began the quest for the Orb.
     0 | D:1      | Reached XP level 1. HP: 10/10 MP: 2/2
   199 | D:1      | Reached XP level 2. HP: 5/14 MP: 3/3
   396 | D:1      | Reached ** piety under Trog
   396 | D:1      | Reached skill level 1 in Stealth
   737 | D:2      | Reached XP level 3. HP: 17/17 MP: 4/4
  1239 | D:2      | Found a deep blue altar of Sif Muna.
  1496 | D:3      | Reached skill level 5 in Dodging
  1544 | D:3      | Reached XP level 4. HP: 8/21 MP: 5/5
  1891 | D:3      | Noticed Marzipanzerfaust's ghost (amateur HEFi)
  2298 | D:3      | Killed Marzipanzerfaust's ghost
  2298 | D:3      | Reached XP level 5. HP: 8/25 MP: 6/6
  2386 | D:3      | HP: 1/25 [orc/falchion (8)]
  3031 | D:4      | Noticed an ogre
  3040 | D:4      | Slain by an ogre
  3041 | D:4      | Reached XP level 4. HP: -4/22 MP: 5/5
  3056 | D:4      | Noticed Natasha
  3063 | D:4      | Killed Natasha
  3063 | D:4      | Reached *** piety under Trog
  3063 | D:4      | Reached XP level 5. HP: 25/25 MP: 6/6
  3111 | D:4      | Found a sparkling altar of Nemelex Xobeh.
  3161 | D:4      | Noticed Natasha
  3194 | D:4      | Killed Natasha
  3218 | D:4      | Slain by an ogre

Skill      XL: |  1  2  3  4  5 |
---------------+----------------+-----
Stealth        | 1 2 4 |  4.8
Dodging        | 5 |  5.8
Unarmed Combat | 4 |  4.1
Fighting       | 4 |  4.0

Action                   |  1- 3 |  4- 6 || total
-------------------------+-------+-------++-------
Melee: Unarmed           |   108 |    87 ||   195
       Bite              |     8 |    13 ||    21
       Punch             |     1 |     1 ||     2
Invok: Berserk           |     2 |     2 ||     4
       Trog's Hand       |       |     1 ||     1
 Stab: Sleeping          |     6 |     3 ||     9
       Distracted        |     1 |       ||     1
  Eat: Chunk             |     8 |     1 ||     9
Armor: Skin              |     7 |     2 ||     9
Dodge: Dodged            |   116 |    59 ||   175
